 Dungeon Crawl Stone Soup version 0.29.1-12-g30fa7ad0bf (webtiles) character file.

Game seed: 6148210515664554723

1295942 AarnesTheHuman the Slayer (level 27, 212/212 (213) HPs)
             Began as a Merfolk Ice Elementalist on Dec 15, 2022.
             Was the Champion of Hepliaklqana.
             Escaped with the Orb
             ... and 3 runes on Dec 20, 2022!
             The game lasted 08:01:27 (126516 turns).

AarnesTheHuman the Slayer (MfIE)                  Turns: 126516, Time: 08:01:28

HP:   212/212 (213) AC: 33    Str:  4    XL:     27
MP:   52/55         EV:  8    Int: 22    God:    Hepliaklqana [******]
Gold: 5827          SH: 11    Dex: 22    Spells: 12/73 levels left

rFire   . . .      SeeInvis +   a - +8 trishula "Condemnation" {holy, anguish, *Noise Fly rN+}
rCold   + . .      Faith    .   U - +3 buckler {rC+}
rNeg    + + .      Spirit   .   W - +8 pearl dragon scales of the Robin {rC- rN+ Will+ Regen+ Dex+4}
rPois   +          Reflect  .   Q - +2 hat {Will+}
rElec   .          Harm     .   h - scarf {repulsion}
rCorr   .          Rampage  .   S - +2 pair of gloves
Will    +++++      Archmagi +   F - +2 pair of boots {Fly}
Stlth   +.........              g - amulet of Ciukh {rPois Will++ Regen+ Str-5 SInv}
HPRegen 2.05/turn               Z - ring "Mulem" {rPois rC+ Will+ Dex+4}
MPRegen 0.34/turn               M - ring of the Mage {Wiz Archmagi}

@: flying, lightly drained, repel missiles
A: reduced essence, (nimble swimmer 2), mertail, iridescent scales 2, clumsy 1,
dopey 1, high MP 1, weak 1, no potion heal 1
0: Orb of Zot
}: 3/15 runes: decaying, silver, gossamer
a: Renounce Religion, Recall Ancestor, Ancestor Identity, Transference, Idealise


You escaped.
You worshipped Hepliaklqana.
Hepliaklqana was exalted by your worship.
You visited 10 branches of the dungeon, and saw 48 of its levels.
You visited 1 bazaar.
You also visited: Sewer, Ice Cave and Wizlab.

You collected 10725 gold pieces.
You spent 4898 gold pieces at shops.

Inventory:

Hand Weapons
 a - the +8 trishula "Condemnation" (weapon) {holy, anguish, *Noise Fly rN+}
   (You found it on level 1 of the Spider Nest)

   It has been blessed by the Shining One to cause great damage to the undead
   and demons.
   It inflicts anguish, making its victims' attacks reflect back on them.
   rN:        It protects you from negative energy.
   Fly:       It grants you flight.
   *Noise:    It may make noises in combat.
 I - a +6 vorpal demon trident
Missiles
 T - a throwing net
Armour
 h - a scarf of repulsion (worn)
 j - the +1 pair of boots "Xesmer" {+Blink Will+++ Int-5}
   (You found it on level 12 of the Dungeon)

   Int:       It affects your intelligence (-5).
   +Blink:    It lets you blink.
   Will:      It greatly increases your willpower.
 F - a +2 pair of boots of flying (worn)
 Q - a +2 hat of willpower (worn)
 S - a +2 pair of gloves (worn)
 U - a +3 buckler of cold resistance (worn)
 W - the +8 pearl dragon scales of the Robin (worn) {rC- rN+ Will+ Regen+ Dex+4}
   (You found it on level 3 of the Depths)

   Dex:       It affects your dexterity (+4).
   rC:        It makes you vulnerable to cold.
   rN:        It protects you from negative energy.
   Regen:     It increases your rate of health regeneration.
   Will:      It increases your willpower.
Magical Staves
 b - a staff of cold
 s - a staff of air
 G - a staff of fire
Jewellery
 f - the ring "Umuth" {rC- Str+4 Int+9 SInv Stlth-}
   (You took it off a spriggan air mage on level 3 of the Depths)

   [ring of see invisible]

   Str:       It affects your strength (+4).
   Int:       It affects your intelligence (+9).
   rC:        It makes you vulnerable to cold.
   SInv:      It lets you see invisible.
   Stlth:     It makes you less stealthy.
 g - the amulet of Ciukh (around neck) {rPois Will++ Regen+ Str-5 SInv}
   (You acquired it on level 5 of the Vaults)

   [amulet of regeneration]

   Str:       It affects your strength (-5).
   rPois:     It protects you from poison.
   SInv:      It lets you see invisible.
   Regen:     It increases your rate of health regeneration.
   Will:      It greatly increases your willpower.
 v - a ring of protection from fire
 E - the ring of Pacroyry {rF+ Slay+3}
   (You found it on level 5 of the Vaults)

   [ring of protection from fire]

   Slay:      It affects your accuracy & damage with ranged weapons and melee
   (+3).
   rF:        It protects you from fire.
 J - the ring of Day {rN+ Will+ Int+6 SInv Stlth+}
   (You found it on level 1 of the Swamp)

   [ring of positive energy]

   Int:       It affects your intelligence (+6).
   rN:        It protects you from negative energy.
   SInv:      It lets you see invisible.
   Will:      It increases your willpower.
   Stlth:     It makes you more stealthy.
 M - the ring of the Mage (right hand) {Wiz Archmagi}
   (You took it off an orc priest on level 10 of the Dungeon)

   [ring of wizardry]

   It improves your spell success rate.
   Archmagi:  It increases the power of your magical spells.
 N - the ring of Qeteufav {Int+2 Dex+6 Slay+3}
   (You found it on level 13 of the Dungeon)

   [ring of dexterity]

   Int:       It affects your intelligence (+2).
   Dex:       It affects your dexterity (+6).
   Slay:      It affects your accuracy & damage with ranged weapons and melee
   (+3).
 V - the ring "Elit" {Fire rElec rCorr Int+3 Dex-3}
   (You bought it in a shop on level 1 of the Orcish Mines)

   [ring of fire]

   It enhances your fire magic.
   Int:       It affects your intelligence (+3).
   Dex:       It affects your dexterity (-3).
   rF:        It protects you from fire.
   rC:        It makes you vulnerable to cold.
   rElec:     It insulates you from electricity.
   rCorr:     It protects you from acid and corrosion.
 Z - the ring "Mulem" (left hand) {rPois rC+ Will+ Dex+4}
   (You bought it in a shop in a bazaar)

   [ring of protection from cold]

   Dex:       It affects your dexterity (+4).
   rC:        It protects you from cold.
   rPois:     It protects you from poison.
   Will:      It increases your willpower.
Wands
 k - a wand of iceblast (28)
 t - a wand of flame (88)
 B - a wand of light (16)
 L - a wand of digging (4)
Scrolls
 d - 3 scrolls of immolation
 i - 3 scrolls of blinking
 l - 8 scrolls of amnesia
 o - 6 scrolls of poison
 p - a scroll of acquirement
 w - 17 scrolls of teleportation
 y - 8 scrolls of fear
 A - 4 scrolls of silence
 O - 4 scrolls of summoning
 R - 7 scrolls of fog
Potions
 c - 2 potions of mutation
 e - 9 potions of heal wounds
 n - 19 potions of curing
 q - 9 potions of haste
 r - 7 potions of cancellation
 u - 4 potions of resistance
 x - 9 potions of ambrosia
 z - 13 potions of attraction
 C - 5 potions of brilliance
 D - 6 potions of lignification
 H - 8 potions of might
 K - 2 potions of magic
 P - 3 potions of berserk rage
Miscellaneous
 m - a phantom mirror
 X - a tin of tremorstones (2/2)


   Skills:
 + Level 23.7 Fighting
 - Level 12.0 Polearms
 - Level 6.0 Armour
 - Level 16.0 Dodging
 - Level 2.1 Stealth
 - Level 11.5 Shields
 + Level 23.5 Spellcasting
 - Level 15.0 Conjurations
 - Level 7.0 Summonings
 - Level 11.0 Necromancy
 - Level 4.0 Translocations
 - Level 9.0 Transmutations
 - Level 17.5 Ice Magic
 - Level 6.5 Air Magic
 - Level 9.0 Earth Magic
 - Level 6.0 Poison Magic
 - Level 12.0 Invocations


You had 12 spell levels left.
You knew the following spells:

 Your Spells              Type           Power      Damage    Failure   Level
a - Freeze                Ice            100%       1d11      1%          1
b - Frozen Ramparts       Ice            100%       1d16      1%          3
c - Ozocubu's Armour      Ice            100%       N/A       1%          3
d - Stone Arrow           Conj/Erth      100%       3d13      1%          3
e - Ignite Poison         Fire/Tmut/Pois 64%        N/A       14%         3
f - Olgreb's Toxic Radia  Pois           68%        N/A       28%         4
g - Poisonous Vapours     Pois/Air       100%       N/A       4%          2
h - Irradiate             Conj/Tmut      43%        3d26      8%          5
i - Blink                 Tloc           100%       N/A       11%         2
j - Passwall              Tmut/Erth      65%        N/A       1%          2
k - Summon Forest         Summ/Tloc      33%        N/A       67%         5
l - Mephitic Cloud        Conj/Pois/Air  78%        N/A       2%          3
m - Freezing Cloud        Conj/Ice/Air   45%        6-21      4%          5
n - Borgnjor's Vile Clut  Necr/Erth      40%        N/A       16%         5
o - Ozocubu's Refrigerat  Ice            50%        4d18      22%         7
p - Animate Dead          Necr           84%        N/A       4%          4
q - Hailstorm             Conj/Ice       98%        3d19      1%          4

Your spell library contained the following spells:

 Spells                   Type           Power      Damage    Failure   Level
 Beastly Appendage        Tmut           100%       N/A       1%          1
 Foxfire                  Conj/Fire      100%       2x1d9     1%          1
 Magic Dart               Conj           100%       1d8       1%          1
 Necrotise                Necr           100%       1d9       1%          1
 Sandblast                Erth           100%       2d20      1%          1
 Sting                    Tmut/Pois      100%       1d8       1%          1
 Summon Small Mammal      Summ           100%       N/A       1%          1
 Ensorcelled Hibernation  Hex/Ice        100%       N/A       1%          2
 Static Discharge         Conj/Air       83%        3-14/arc  1%          2
 Sublimation of Blood     Necr           84%        N/A       1%          2
 Wereblood                Tmut           78%        N/A       1%          2
 Vampiric Draining        Necr           84%        2d12      1%          3
 Ice Form                 Ice/Tmut       90%        N/A       1%          4
 Summon Ice Beast         Ice/Summ       88%        N/A       2%          4
 Iskenderun's Battlesphe  Conj           95%        2d14      2%          5
 Call Imp                 Summ           71%        N/A       3%          2
 Conjure Flame            Conj/Fire      73%        6-21      4%          3
 Spider Form              Tmut/Pois      73%        N/A       4%          3
 Call Canine Familiar     Summ           71%        N/A       6%          3
 Apportation              Tloc           100%       N/A       7%          1
 Swiftness                Air            69%        N/A       8%          3
 Petrify                  Tmut/Erth      78%        N/A       9%          4
 Lightning Bolt           Conj/Air       41%        1d60      12%         5
 Corpse Rot               Necr/Pois/Air  74%        N/A       14%         4
 Flame Wave               Conj/Fire      73%        2d16      16%         4
 Simulacrum               Ice/Necr       46%        N/A       16%         6
 Gell's Gravitas          Tloc           60%        N/A       21%         3
 Teleport Other           Tloc           60%        N/A       21%         3
 Blade Hands              Tmut           39%        N/A       24%         5
 Slow                     Hex            100%       N/A       32%         1
 Iron Shot                Conj/Erth      43%        9d8       36%         6
 Portal Projectile        Hex/Tloc       100%       N/A       41%         3
 Alistair's Intoxication  Tmut/Pois      48%        N/A       41%         5
 Fireball                 Conj/Fire      36%        3d15      41%         5
 Leda's Liquefaction      Hex/Erth       31%        N/A       45%         4
 Death Channel            Necr           42%        N/A       50%         6
 Conjure Ball Lightning   Conj/Air       41%        3x3d13    52%         6
 Confusing Touch          Hex            38%        N/A       69%         3
 Inner Flame              Hex/Fire       38%        N/A       69%         3
 Tukima's Dance           Hex            38%        N/A       69%         3
 Yara's Violent Unravell  Hex/Tmut       31%        3d13      80%         5
 Summon Mana Viper        Hex/Summ       58%        N/A       90%         5
 Starburst                Conj/Fire      36%        6d11      91%         6
 Summon Cactus Giant      Summ           35%        N/A       95%         6
 Spellforged Servitor     Conj/Summ      42%        N/A       96%         7
 Dragon Form              Tmut           39%        N/A       99%         7
 Dispersal                Tloc           30%        N/A       100%        6
 Enfeeble                 Hex            19%        N/A       100%        7
 Malign Gateway           Summ/Tloc      33%        N/A       100%        7
 Discord                  Hex            19%        N/A       100%        8
 Disjunction              Tloc           30%        N/A       100%        8
 Ignition                 Fire           19%        3d7       100%        8
 Maxwell's Capacitive Co  Air            34%        ∞         100%        8
 Summon Horrible Things   Summ           35%        N/A       100%        8


Dungeon Overview and Level Annotations

Branches:
Dungeon (15/15)            Temple (1/1) D:6            Lair (5/5) D:8
  Swamp (4/4) Lair:3       Spider (4/4) Lair:2        Slime (0/5) Lair:5
    Orc (2/2) D:10            Elf (3/3) Orc:2        Vaults (5/5) D:14
  Crypt (0/3) Vaults:2     Depths (4/4) D:15            Zot (5/5) Depths:4
  Sewer (visited)           IceCv (visited)          WizLab (visited)

Altars:
Ashenzari
Cheibriados
Dithmenos
Elyvilon
Fedhas
Gozag
Hepliaklqana
Kikubaaqudgha
Makhleb
Nemelex Xobeh
Okawaru
Qazlal
Ru
Sif Muna
Trog
Uskayaw
Vehumet
Wu Jian
Xom
Yredelemnul
Zin
The Shining One
Lugonu

Shops:
D:10 [   D:15 *   Orc:1 =   Orc:2 (=*[   Elf:1 (   Vaults:5 *   Depths:1 (

Portals:
Hell: Depths:1 Depths:2 Depths:3 Depths:4
Abyss: Depths:1 Depths:3 Depths:4
Pandemonium: Depths:2 Depths:3 Depths:4
Ziggurat: Depths:2
Bazaar: Depths:3
Trove: D:13 (give 5 scrolls of blinking)

Annotations:
D:3 Grinder
D:8 exclusion: downstairs
D:11 exclusion: downstairs
D:13 1 runed translucent door, exclusion: door, Leinaam's ghost, journeyman MiBe
Lair:1 3 runed translucent doors, exclusions: 3 doors, downstairs and 1 more exclusion, kalagan's ghost, journeyman DECj
Lair:3 3 runed translucent doors, exclusion: 3 doors, kalagan's ghost, journeyman DECj
Lair:4 exclusion: downstairs
Swamp:1 2 transporters, exclusion: 2 downstairs
Swamp:2 exclusion: downstairs
Spider:1 exclusion: downstairs, Roxanne
Spider:3 exclusion: 2 downstairs
Orc:1 exclusion: 2 downstairs
Elf:1 exclusion: downstairs
Elf:2 5 runed translucent doors, exclusion: 5 doors
Elf:3 2 runed translucent doors, exclusion: 2 doors, CInkIbrahim's ghost, adept FoAK
Vaults:1 exclusion: downstairs
Vaults:2 1 runed translucent door, exclusions: door and 2 downstairs, Hargh's ghost, adept MiBe
Vaults:3 exclusion: downstairs
Depths:2 exclusion: 4 downstairs
Depths:3 exclusions: golden dragon and 1 more exclusion
Zot:1 2 transporters
Zot:3 3 runed translucent doors, exclusions: 3 doors and downstairs, Alunk's ghost, legendary GnFi; Sofait's ghost, legendary GnFE
Zot:4 exclusion: downstairs


Innate Abilities, Weirdness & Mutations

Your life essence is reduced to manifest your ancestor. (-10% HP)
((You are very nimble when in or above water. (Stealth+, EV+, Speed+++)))
Your lower body shifts to a powerful aquatic tail in water.
You are mostly covered in iridescent scales. (AC +4)
You are clumsy. (Dex -2)
You are dopey. (Int -2)
You have an increased reservoir of magic. (+10% MP)
You are weak. (Str -2)
Potions are less effective at restoring your health.


Message History

Aiming: Stone Arrow (safe; 1% risk of failure)
Press: ? - help, Shift-Dir - straight line, f/p - daeva
Aim: a daeva, wielding a +3 long sword of holy wrath and wearing a +0 tower shield (heavily wounded, constricted by zombie hands, ally target, haloed, 100% to hit)
You feel a surge of power! Belshunu avoids your attack.
The daeva blocks the stone arrow.
The zombie hands constrict the daeva!
Belshunu hits the daeva with a +0 broad axe of speed.
The daeva blocks Belshunu's attack.
The wall freezes the daeva.
The daeva hits Belshunu with a +3 long sword of holy wrath.
The daeva hits Belshunu but does no damage.
Casting: Stone Arrow (safe; 1% risk of failure)
Confirm with . or Enter, or press ? or * to list all spells.
Aiming: Stone Arrow (safe; 1% risk of failure)
Press: ? - help, Shift-Dir - straight line, f/p - daeva
Aim: a daeva, wielding a +3 long sword of holy wrath and wearing a +0 tower shield (severely wounded, constricted by zombie hands, ally target, haloed, 100% to hit)
You feel a surge of power! Belshunu avoids your attack.
The daeva blocks the stone arrow.
The zombie hands constrict the daeva!!
Belshunu hits the daeva with a +0 broad axe of speed!!
The daeva dies!
(D) Dungeon (T) Temple (L) Lair (S) Swamp (N) Spider Nest (M) Slime Pits (O) Orcish Mines (E) Elven Halls (V) Vaults (C) Crypt (U) Depths (H) Hell (Z) Zot
Where to? (Enter - D:1, ? - help)
You swap places.
Your icy armour cracks and falls away as you move.
The frozen ramparts melt away as you move.
Ancestor HP restored.
HP restored.
Things that are here:
a +3 long sword of holy wrath; a +0 tower shield
There is a stone staircase leading up here.
You fly upwards.
There is a stone staircase leading down here.
You swap places.
Belshunu is no longer moving quickly.
A hell hog comes into view.
The hell hog squeals angrily.
You hear an angry squeal.
There is an open door here.
There is a staircase leading out of the dungeon here.
You have escaped!

#######
#@R...#
#.#.#.#
#.#.#.#
#.#.#.#
#########
#.#.#.#
........#
#.#h#.#
........#
#.#.#.#
........#
#.#.#.#
........#
#.#.#.#


You could see the friendly Belshunu the knight (reflecting).

Vanquished Creatures
  4 ancient liches
  A dread lich (Zot:5)
  Mara (Depths:1)
  3 juggernauts
  the Lernaean hydra (Swamp:4)
  2 Killer Klowns (Zot:5)
  Saint Roka (Orc:2)
  Boris (Vaults:2)
  A curse toe (Zot:3)
  4 caustic shrikes
  4 golden dragons
  Nikola (Spider:1)
  A bone dragon (Depths:4)
  3 electric golems
  A Tzitzimitl (Depths:1)
  Zenata (Elf:3)
  7 tentacled monstrosities
  A walking crystal tome (Depths:2)
  16 Orb Guardians
  A titan (Vaults:5)
  A deep elf blademaster (Elf:3)
  3 liches
  2 quicksilver dragons
  Asterion (Spider:4)
  2 sphinxes
  An Executioner (D:12)
  3 shadow dragons
  7 storm dragons
  Gastronok (Lair:2)
  Donald (Vaults:4)
  6 tengu reavers
  7 fire giants
  3 draconian monks
  6 emperor scorpions
  4 frost giants
  5 draconian knights
  13 deep elf sorcerers
  9 vault wardens
  3 orc warlords
  2 draconian scorchers
  2 iron dragons
  A deep elf elementalist (Elf:3)
  A ghost moth (Spider:3)
  Aizul (Elf:3)
  5 draconian shifters
  9 ironbound preservers
  4 draconian annihilators
  7 stone giants
  11 very ugly things
  An ironbound thunderhulk (Vaults:3)
  A draconian stormcaller (Zot:5)
  7 black draconians
  A vampire knight (Depths:4)
  A dire elephant (Vaults:3)
  2 green draconians
  4 deep elf demonologists
  5 deep elf annihilators
  6 purple draconians
  2 eleionomae
  8 red draconians
  3 white draconians
  4 entropy weavers (Spider:1)
  4 yellow draconians
  2 bunyips
  A blizzard demon (Depths:3)
  13 spark wasps
  2 crystal guardians (Vaults:4)
  Josephine (Orc:1)
  A merfolk javelineer (Depths:1)
  5 deep elf death magi
  A jiangshi (Depths:1)
  13 fire dragons
  Snorg (D:11)
  A shambling mangrove (Swamp:2)
  7 ettins
  5 great orbs of eyes
  6 deep elf high priests
  21 hydras
  3 yaktaur captains
  2 ice dragons
  2 spriggan air magi
  8 boulder beetles
  A peacekeeper (Vaults:4)
  A rakshasa (Depths:2)
  3 radroaches
  2 ghost crabs
  A catoblepas (D:15)
  31 vault guards
  4 ironbound frosthearts
  7 centaur warriors
  An ogre mage (Orc:1)
  7 two-headed ogres
  An anaconda (shapeshifter) (Vaults:5)
  8 death yaks
  An alligator (Swamp:4)
  2 death knights
  7 tengu warriors
  6 dancing weapons
  3 deep troll shamans
  Urug (Orc:2)
  4 deep troll earth magi
  2 spriggan berserkers (Depths:3)
  An orc high priest (Orc:2)
  A soul eater (D:15)
  7 deep elf knights
  A sun demon (Depths:3)
  A skeletal warrior (D:14)
  A sixfirhy (D:13)
  Sonja (D:13)
  3 pharaoh ants
  A nameless horror (Zot:3)
  16 deep trolls
  A shadow wraith (Vaults:2)
  3 death drakes (WizLab)
  2 flayed ghosts
  13 swamp dragons
  A goliath frog (Swamp:2)
  A death drake (shapeshifter) (Vaults:5)
  2 spark wasp zombies (Depths:4)
  3 deep elf archers
  5 steelbarb worms
  A deep troll (shapeshifter) (Depths:2)
  9 orb spiders
  A bog body (Swamp:4)
  2 wizards
  19 ironbound convokers
  4 phantasmal warriors
  15 deep elf pyromancers
  17 lindwurms
  3 orc knights
  A stone giant zombie (Depths:3)
  2 orc sorcerers (Orc:2)
  16 wolf spiders
  18 deep elf zephyrmancers
  A sphinx zombie (Depths:2)
  8 cyclopes
  A necromancer (Vaults:3)
  26 ugly things
  2 salamanders (Depths:4)
  3 manticores
  An oklob plant (Lair:3)
  3 will-o-the-wisps
  13 moths of wrath
  A frost giant skeleton (Vaults:3)
  An ice statue (IceCv)
  20 elephants
  A guardian serpent (shapeshifter) (D:13)
  2 rust devils (Depths:4)
  Maggie (D:9)
  A smoke demon (Depths:3)
  14 vault sentinels
  A gargoyle (D:11)
  An unseen horror (shapeshifter) (D:14)
  10 cane toads
  3 torpor snails
  2 rime drakes
  2 kobold demonologists
  2 unseen horrors (D:11)
  27 yaktaurs
  9 ice devils
  2 freezing wraiths
  2 anaconda simulacra (IceCv)
  2 efreet
  9 demonic crawlers
  2 tengu conjurers (D:14)
  6 komodo dragons
  3 red devils
  2 hellwings (Depths:3)
  7 meliai
  3 wind drakes (WizLab)
  5 tyrant leeches
  7 hornets
  12 tarantellas
  4 trolls
  A tarantella (shapeshifter) (Vaults:5)
  2 polar bears
  A blink frog (shapeshifter) (Elf:1)
  11 blink frogs
  22 slime creatures
  A human simulacrum (Vaults:3)
  17 air elementals
  A shadow (D:12)
  3 spriggans
  17 jumping spiders
  A culicivora (shapeshifter) (D:13)
  A human (D:10)
  A wraith (Orc:1)
  48 yaks
  A water elemental (Elf:3)
  17 culicivoras
  2 wyverns (D:7)
  A fire elemental (Elf:1)
  A steam dragon (D:9)
  52 redbacks
  23 vampire mosquitoes
  4 death yak simulacra (IceCv)
  A redback (shapeshifter) (D:13)
  4 wargs
  6 swamp worms
  A harpy simulacrum (IceCv)
  Edmund (D:6)
  An acid dragon (D:12)
  8 water moccasins
  A floating eye (Depths:3)
  4 swamp drakes (Swamp:4)
  Pargi (Sewer)
  A sky beast (D:8)
  13 orc warriors
  6 black bears
  6 ice beasts
  A floating eye zombie (Depths:2)
  25 ogres
  8 wolves
  12 centaurs
  5 boggarts
  2 phantoms (D:5)
  4 kobold brigands
  2 gnoll sergeants
  8 bullfrogs
  5 scorpions
  A cane toad simulacrum (IceCv)
  An earth elemental (Elf:3)
  8 wights
  A howler monkey (D:9)
  4 jellies
  2 elephant simulacra (IceCv)
  2 electric eels
  A lava snake (D:13)
  A gnoll bouda (D:6)
  12 orc priests
  5 hounds
  7 iguanas
  16 orc wizards
  9 hell rats
  3 polar bear simulacra (IceCv)
  A wolf simulacrum (IceCv)
  12 gnolls
  8 adders
  A naga simulacrum (IceCv)
  2 shadow imps (D:7)
  A white imp (D:7)
  2 ufetubi
  A dart slug (D:3)
  51 orcs
  8 ball pythons
  5 bats
  13 endoplasms
  5 giant cockroaches
  7 goblins
  6 hobgoblins
  3 jackals (D:2)
  13 kobolds
  9 quokkas
  8 frilled lizards
  9 rats
  7 briar patches (Swamp:4)
1406 creatures vanquished.

Vanquished Creatures (collateral kills)
  2 dread liches (Zot:5)
  5 ancient liches (Zot:5)
  2 orbs of fire (Zot:5)
  Tiamat (Zot:4)
  Boris (Vaults:4)
  Vv (Zot:4)
  Sojobo (Depths:1)
  Frederick (Vaults:3)
  2 Killer Klowns
  Bai Suzhen (Vaults:4)
  6 golden dragons
  An electric golem (Zot:5)
  12 Orb Guardians
  A Cloud Mage (WizLab)
  7 tentacled monstrosities
  A titan (Depths:2)
  A walking earthen tome (Depths:3)
  A deep elf blademaster (Elf:3)
  2 quicksilver dragons (Zot:2)
  3 liches
  3 death cobs
  2 sphinxes
  6 shadow dragons
  7 storm dragons
  3 thorn hunters
  2 draconian monks
  5 tengu reavers
  A daeva (D:2)
  3 iron dragons (Depths:4)
  6 vault wardens
  5 fire giants
  4 draconian knights
  An emperor scorpion (Spider:1)
  A caustic shrike zombie (Depths:2)
  2 deep elf sorcerers (Elf:3)
  2 spriggan defenders
  A frost giant (Vaults:5)
  A deep elf elementalist (Elf:2)
  A draconian shifter (Zot:4)
  4 draconian scorchers
  9 very ugly things
  3 draconian stormcallers (Zot:5)
  7 ironbound preservers
  4 stone giants
  2 war gargoyles
  2 vampire knights (Depths:3)
  3 deep elf demonologists
  2 draconian annihilators
  2 eleionomae
  3 black draconians
  10 green draconians
  9 white draconians
  2 purple draconians
  11 yellow draconians
  3 dire elephants
  2 deep elf annihilators
  An entropy weaver (Spider:1)
  8 red draconians
  4 spark wasps
  2 jiangshi (Depths:1)
  3 deep elf high priests
  A blizzard demon (WizLab)
  A fire dragon (Depths:1)
  2 crystal guardians
  7 deep elf death magi
  5 ice dragons
  2 yaktaur captains (Vaults:4)
  A hell beast (Depths:4)
  10 vault guards
  10 hydras
  A boulder beetle (D:15)
  4 spriggan air magi
  Erolcha (Orc:2)
  3 catoblepae (Lair:5)
  An ogre mage (Vaults:5)
  2 peacekeepers
  A salamander tyrant (Depths:4)
  An alligator (shapeshifter) (Depths:3)
  Erica (Orc:1)
  5 centaur warriors
  2 ghost crabs
  An ironbound frostheart (Vaults:3)
  2 death knights (Vaults:2)
  5 two-headed ogres
  3 alligators
  8 dancing weapons
  2 death yaks (Lair:5)
  2 deep troll shamans
  A vampire mage (Depths:1)
  A deep troll earth mage (Depths:2)
  Nergalle (Orc:2)
  A shock serpent (WizLab)
  A soul eater (Depths:3)
  5 deep elf knights
  A titan zombie (Depths:2)
  4 iron trolls
  18 deep trolls
  A goliath frog (Swamp:2)
  3 steelbarb worms
  A bog body (Swamp:2)
  A flayed ghost (Depths:3)
  Lodul (D:12)
  A glowing orange brain (shapeshifter) (Depths:3)
  4 swamp dragons
  2 glowing orange brains
  2 orb spiders (Spider:2)
  A deep elf archer (Elf:1)
  2 necromancers
  6 lindwurms
  An orange crystal statue (Depths:4)
  2 phantasmal warriors (Vaults:5)
  4 orc knights
  4 deep elf zephyrmancers
  4 ironbound convokers
  2 manticores
  8 deep elf pyromancers
  14 ugly things
  3 wolf spiders
  An oklob plant (Lair:3)
  A cyclops (D:13)
  6 moths of wrath
  2 black mambas (Lair:4)
  11 elephants
  3 vault sentinels
  A smoke demon (Depths:3)
  2 apocalypse crabs (WizLab)
  A black mamba (shapeshifter) (Elf:2)
  4 rust devils
  3 demonic crawlers
  2 komodo dragons
  A torpor snail (Lair:3)
  5 cane toads
  6 yaktaurs
  A spark wasp simulacrum (Depths:2)
  A freezing wraith (IceCv)
  6 ice devils
  2 meliai
  2 trolls
  A tengu conjurer (Depths:2)
  2 polar bears
  A hornet (Depths:3)
  3 tyrant leeches (Swamp:1)
  A moth of wrath zombie (Zot:2)
  2 blink frogs (Lair:1)
  4 tarantellas
  A deep troll zombie (Vaults:3)
  2 dream sheep (Lair:3)
  3 air elementals (WizLab)
  10 slime creatures
  5 jumping spiders
  Sigmund (D:5)
  4 culicivoras
  6 wraiths
  2 spriggans (Depths:3)
  5 water elementals
  A yak (shapeshifter) (Elf:3)
  3 dire elephant simulacra (IceCv)
  26 yaks
  3 fire elementals
  2 wyverns
  10 vampire mosquitoes
  13 redbacks
  5 death yak simulacra (IceCv)
  A redback (shapeshifter) (Depths:3)
  A steam dragon (D:10)
  2 wargs (Orc:2)
  3 swamp worms
  An acid dragon (D:12)
  A floating eye (shapeshifter) (Vaults:1)
  2 water moccasins
  A black bear (D:8)
  A black bear (shapeshifter) (D:13)
  9 orc warriors
  5 swamp drakes
  An ice beast (shapeshifter) (D:13)
  7 ogres
  4 wolves
  A centaur (D:12)
  2 bullfrogs
  A nameless horror (Lair:4)
  A two-headed ogre simulacrum (IceCv)
  3 earth elementals (Elf:2)
  A gnoll sergeant (D:9)
  A scorpion (D:5)
  A necrophage (D:5)
  A wight (D:9)
  2 elephant simulacra (IceCv)
  A howler monkey (D:9)
  An electric eel (Lair:3)
  6 orc priests
  8 orc wizards
  A spriggan simulacrum (IceCv)
  2 polar bear simulacra (IceCv)
  3 hell rats (Lair:1)
  A troll simulacrum (IceCv)
  5 gnolls
  An adder (D:5)
  A naga simulacrum (IceCv)
  2 shadow imps (D:5)
  A white imp (IceCv)
  A worm (D:5)
  A dart slug (D:5)
  6 orcs
  2 kobolds (D:8)
  4 briar patches (Swamp:4)
665 creatures vanquished.

Vanquished Creatures (others)
  An orb of fire (Zot:1)
  A caustic shrike (Depths:4)
  2 golden dragons
  2 tentacled monstrosities
  A lich (D:9)
  A quicksilver dragon (Zot:5)
  2 deep elf master archers (Elf:3)
  A storm dragon (Vaults:5)
  An emperor scorpion (Spider:4)
  2 draconian knights
  A fire giant (Depths:2)
  4 vault wardens
  A draconian scorcher (Zot:3)
  A deep elf sorcerer (Elf:3)
  A draconian annihilator (Zot:2)
  An ironbound preserver (Vaults:4)
  A war gargoyle (Vaults:4)
  5 stone giants
  2 very ugly things (Depths:4)
  An ironbound thunderhulk (Vaults:1)
  A vampire knight (Depths:2)
  A purple draconian (Zot:3)
  2 spark wasps
  A deep elf annihilator (Elf:3)
  A fire dragon (Depths:2)
  A merfolk javelineer (Depths:1)
  4 yaktaur captains
  2 alligators (Swamp:3)
  2 centaur warriors
  A deep troll shaman (Depths:2)
  A vampire mage (Depths:3)
  A deep elf knight (Elf:3)
  An iron troll (Depths:4)
  3 deep trolls
  A steelbarb worm (Spider:4)
  2 spark wasp zombies
  A golden dragon zombie (Zot:3)
  An orc knight (D:13)
  A swamp dragon (Swamp:3)
  4 wolf spiders
  A mana viper (shapeshifter) (Vaults:5)
  2 ugly things
  A frost giant zombie (Depths:3)
  A salamander (Depths:4)
  A cyclops (D:14)
  A torpor snail (Spider:2)
  A purple draconian zombie (Zot:3)
  11 yaktaurs
  A spriggan zombie (Depths:3)
  A komodo dragon (D:13)
  A freezing wraith (IceCv)
  A yellow draconian zombie (Depths:4)
  A red draconian zombie (Depths:4)
  2 demonic crawlers
  A bloated husk (Swamp:2)
  A tarantella (Spider:2)
  A fire dragon zombie (Depths:3)
  A culicivora (Spider:1)
  A swamp worm (Swamp:3)
  4 ancestors
  41 knights
  2 orcs (D:8)
  7 foxfires (Swamp:2)
  43 fungi
  85 plants
  4 snaplasher vines
281 creatures vanquished.

Grand Total: 2352 creatures vanquished

Notes
Turn   | Place    | Note
-------+----------+-------------------------------------------
     0 | D:1      | AarnesTheHuman the Merfolk Ice Elementalist began the quest
                  | for the Orb.
     0 | D:1      | Reached XP level 1. HP: 13/13 MP: 3/3
   452 | D:1      | Reached XP level 2. HP: 17/19 MP: 1/5
   476 | D:1      | Found a faded altar of an unknown god.
   940 | D:1      | Reached XP level 3. HP: 24/24 MP: 6/6
  1088 | D:1      | Reached skill level 5 in Ice Magic
  1761 | D:2      | Learned a level 3 spell: Frozen Ramparts
  1765 | D:2      | Learned a level 3 spell: Ozocubu's Armour
  2262 | D:2      | Reached XP level 4. HP: 30/30 MP: 3/8
  3222 | D:3      | Found a glowing drain.
  3226 | Sewer    | Entered a sewer
  3335 | Sewer    | Noticed Pargi
  3374 | Sewer    | Killed Pargi
  3375 | Sewer    | Reached XP level 5. HP: 4/35 MP: 3/11
  4146 | D:3      | Reached XP level 6. HP: 41/41 MP: 10/12
  4341 | D:3      | Noticed Grinder
  5037 | D:4      | Noticed a black bear
  5408 | D:4      | Got Qoexkim's Anthology of Summoning and the Voyage
  5491 | D:4      | Found an ornate altar of the Wu Jian Council.
  5642 | D:4      | Killed a black bear
  5643 | D:4      | Reached skill level 5 in Spellcasting
  5643 | D:4      | Reached XP level 7. HP: 30/47 MP: 8/14
  5779 | D:4      | Reached skill level 1 in Fighting
  5877 | D:4      | Reached skill level 1 in Polearms
  5880 | D:4      | Reached XP level 8. HP: 67/67 MP: 14/19
  5889 | D:4      | Learned a level 3 spell: Stone Arrow
  6415 | D:5      | Entered Level 5 of the Dungeon
  6541 | D:5      | Identified the +9 falchion of the Festooned God {freeze,
                  | Str+3}
  6606 | D:5      | Found a blossoming altar of Fedhas.
  6981 | D:5      | Found a sparkling altar of Nemelex Xobeh.
  7131 | D:5      | Reached skill level 1 in Conjurations
  7131 | D:5      | Reached skill level 1 in Earth Magic
  7224 | D:5      | Noticed Sigmund
  7737 | D:6      | Found a burning altar of Makhleb.
  8010 | D:6      | Reached XP level 9. HP: 71/72 MP: 15/20
  8071 | D:6      | Found a staircase to the Ecumenical Temple.
  8080 | Temple   | Entered the Ecumenical Temple
  8311 | Temple   | Became a worshipper of Hepliaklqana the Forgotten
  8603 | D:6      | Reached skill level 1 in Invocations
  8770 | D:6      | Noticed Edmund
  8781 | D:6      | Killed Edmund
 10529 | D:7      | Reached * piety under Hepliaklqana
 10765 | D:8      | Reached XP level 10. HP: 70/72 MP: 11/21
 12011 | D:8      | Found a staircase to the Lair.
 12458 | D:5      | Killed Sigmund
 13387 | D:9      | Noticed a two-headed ogre
 13398 | D:9      | Noticed a two-headed ogre
 13399 | D:9      | Killed a two-headed ogre
 13401 | D:9      | Reached XP level 11. HP: 75/78 MP: 17/23
 13480 | D:9      | Reached ** piety under Hepliaklqana
 13493 | D:9      | Paralysed by a hornet for 3 turns
 13496 | D:9      | Remembered your ancestor Belshunu as a knight
 13503 | D:9      | Reached skill level 5 in Conjurations
 14048 | D:9      | Killed a two-headed ogre
 14054 | D:9      | Learned a level 4 spell: Hailstorm
 14286 | D:9      | Learned a level 4 spell: Olgreb's Toxic Radiance
 14380 | D:9      | Found a shadowy altar of Dithmenos.
 14401 | D:9      | Reached skill level 1 in Poison Magic
 14532 | D:9      | Found a shimmering blue altar of Sif Muna.
 14536 | D:9      | Noticed Maggie
 14559 | D:9      | Killed Maggie
 14560 | D:9      | Reached skill level 10 in Spellcasting
 14667 | D:9      | Noticed a seven-headed hydra
 14677 | D:9      | Killed a seven-headed hydra
 14865 | D:9      | Learned a level 2 spell: Poisonous Vapours
 15812 | D:9      | Learned a level 5 spell: Irradiate
 15861 | D:10     | Entered Level 10 of the Dungeon
 15950 | D:10     | Found Hiaqim Cuig's Antique Armour Shoppe.
 15955 | D:10     | Bought a brightly glowing helmet for 323 gold pieces
 15955 | D:10     | Identified the +0 helmet "Wosadoi" {rN+++ Int-5 Stlth+}
                  | (You bought it in a shop on level 10 of the Dungeon)
 16344 | D:10     | Reached skill level 1 in Armour
 16344 | D:10     | Reached skill level 1 in Transmutations
 16359 | D:10     | Reached skill level 1 in Shields
 16550 | D:10     | Noticed a two-headed ogre
 16631 | D:10     | Killed a two-headed ogre
 16726 | D:10     | Reached XP level 12. HP: 86/86 MP: 22/26
 16930 | D:10     | Reached skill level 5 in Poison Magic
 17036 | D:10     | Found a staircase to the Orcish Mines.
 17151 | D:10     | Found a sacrificial altar of Ru.
 17151 | D:10     | Found an iron altar of Okawaru.
 17488 | Lair:1   | Entered Level 1 of the Lair of Beasts
 17595 | Lair:1   | Reached skill level 10 in Fighting
 18359 | Lair:1   | Reached *** piety under Hepliaklqana
 18543 | Lair:1   | Found a runed translucent gate.
 18543 | Lair:1   | Found a runed translucent gate.
 18544 | Lair:1   | Found a runed translucent gate.
 18544 | Lair:1   | Noticed kalagan's ghost (journeyman DECj)
 18559 | Lair:1   | You fall into a shaft and drop 1 floor!
 19200 | Lair:2   | Learned a level 2 spell: Blink
 19812 | Lair:1   | Reached XP level 13. HP: 65/93 MP: 10/27
 20669 | Lair:2   | Reached **** piety under Hepliaklqana
 20986 | Lair:2   | Found a hole to the Spider Nest.
 21146 | Lair:2   | Noticed Gastronok
 21165 | Lair:2   | Killed Gastronok
 21850 | Lair:3   | Reached skill level 5 in Shields
 22450 | Lair:3   | Found a staircase to the Swamp.
 23053 | Lair:3   | Found a runed translucent gate.
 23054 | Lair:3   | Found a runed translucent gate.
 23054 | Lair:3   | Found a runed translucent gate.
 23055 | Lair:3   | Noticed kalagan's ghost (journeyman DECj)
 23411 | Lair:3   | Learned a level 2 spell: Passwall
 24924 | Lair:4   | Reached skill level 5 in Invocations
 25398 | Lair:5   | Entered Level 5 of the Lair of Beasts
 25579 | Lair:5   | Reached XP level 14. HP: 93/103 MP: 20/30
 26159 | Lair:5   | Learned a level 5 spell: Summon Forest
 26237 | Lair:5   | Reached skill level 1 in Summonings
 26364 | Lair:5   | Found a staircase to the Slime Pits.
 26556 | Lair:5   | Reached skill level 1 in Translocations
 29658 | Lair:5   | Reached skill level 10 in Polearms
 30969 | D:11     | Found the +6 shillelagh "Devastator" {shatter}
 31566 | D:11     | Learned a level 3 spell: Mephitic Cloud
 31571 | D:11     | Learned a level 3 spell: Ignite Poison
 32022 | D:11     | Reached skill level 5 in Transmutations
 32587 | D:11     | Reached ***** piety under Hepliaklqana
 32738 | D:12     | Noticed Snorg
 32747 | D:11     | Killed Snorg
 32748 | D:11     | Reached XP level 15. HP: 110/110 MP: 25/31
 32982 | D:12     | Noticed a fire giant
 32985 | D:12     | Reached skill level 5 in Summonings
 32994 | D:12     | Noticed Lodul
 33014 | D:12     | Killed Lodul
 33208 | Orc:1    | Entered Level 1 of the Orcish Mines
 33208 | Orc:1    | Noticed Erica
 33215 | Orc:1    | Killed Erica
 33612 | Orc:1    | Found Qaxas's Jewellery Shop.
 33927 | Orc:1    | Noticed Josephine
 33940 | Orc:1    | Killed Josephine
 34896 | Orc:2    | Entered Level 2 of the Orcish Mines
 34921 | Orc:2    | Noticed Erolcha
 34927 | Orc:2    | Killed Erolcha
 35030 | Orc:2    | Paralysed by an orc sorcerer for 4 turns
 35049 | Orc:2    | Noticed Urug
 35136 | Orc:2    | Killed Urug
 35847 | Orc:2    | Noticed Nergalle
 36161 | Orc:2    | Killed Nergalle
 36406 | Orc:2    | Noticed Saint Roka
 37017 | Orc:2    | Found a staircase to the Elven Halls.
 37498 | Orc:2    | Killed Saint Roka
 37548 | Orc:2    | Found Eclirghu's Jewellery Shoppe.
 37875 | Orc:2    | Found Luaxzao's General Store.
 37891 | Orc:2    | Found Punk's Antique Armour Shoppe.
 37939 | Orc:2    | Found Wousch's Antique Weapon Shoppe.
 38201 | Orc:2    | Bought a ring of poison resistance for 300 gold pieces
 38399 | Swamp:1  | Entered Level 1 of the Swamp
 39145 | Swamp:1  | Identified the ring of Day {rN+ Will+ Int+6 SInv Stlth+}
 39386 | Swamp:1  | Reached skill level 15 in Fighting
 39755 | Swamp:1  | Found a transporter.
 39855 | Swamp:1  | Found a transporter.
 39859 | Swamp:1  | Noticed a thorn hunter
 39873 | Swamp:1  | Killed a thorn hunter
 40459 | Swamp:2  | Reached XP level 16. HP: 86/122 MP: 16/33
 42215 | Swamp:2  | Identified the +1 ring mail of Ephorphiy {Int+4 Slay+3}
 42472 | Spider:1 | Entered Level 1 of the Spider Nest
 43807 | Spider:1 | Found the +8 trishula "Condemnation" {holy, anguish, *Noise
                  | Fly rN+}
 43858 | Spider:1 | Identified Roxanne's Folio of Excavation
 43858 | Spider:1 | Noticed Roxanne
 43990 | Spider:1 | Reached skill level 10 in Invocations
 44023 | Spider:1 | Noticed Nikola
 44241 | Orc:1    | Bought the ring "Elit" {Fire rElec rCorr Int+3 Dex-3} for
                  | 579 gold pieces
 44518 | Spider:1 | Learned a level 5 spell: Freezing Cloud
 44689 | Spider:1 | Reached skill level 1 in Air Magic
 44700 | Spider:1 | Reached skill level 15 in Spellcasting
 44968 | Spider:1 | Killed Nikola
 45734 | Spider:2 | Reached XP level 17. HP: 55/127 MP: 0/36
 46248 | Spider:2 | Identified the +2 robe of the Realm of Zot {Stlth+
                  | Archmagi}
 47691 | Spider:3 | Gained mutation: Armour fits poorly on your strangely
                  | shaped body. [mutagenic glow]
 49559 | Spider:4 | Entered Level 4 of the Spider Nest
 49648 | Spider:4 | Reached ****** piety under Hepliaklqana
 49660 | Spider:4 | Noticed Asterion
 49665 | Spider:4 | Noticed an Executioner
 49721 | Spider:4 | Killed Asterion
 52962 | Spider:4 | Got a gossamer rune of Zot
 54484 | Swamp:4  | Entered Level 4 of the Swamp
 55517 | Swamp:4  | Reached XP level 18. HP: 134/134 MP: 28/37
 56742 | Swamp:4  | Noticed the 27-headed Lernaean hydra
 56751 | Swamp:4  | Killed the 27-headed Lernaean hydra
 57183 | Swamp:4  | Got a decaying rune of Zot
 58439 | D:12     | Lost mutation: Armour fits poorly on your strangely shaped
                  | body. [potion of mutation]
 58439 | D:12     | Gained mutation: You are clumsy. (Dex -2) [potion of
                  | mutation]
 58439 | D:12     | Gained mutation: Your flesh is cold resistant. (rC+)
                  | [potion of mutation]
 58527 | D:12     | Reached skill level 10 in Dodging
 58620 | D:12     | Identified the +1 pair of boots "Xesmer" {+Blink Will+++
                  | Int-5}
 59388 | D:12     | Identified the +3 falchion "Impbane" {freeze, SInv}
 59395 | D:12     | Identified the +7 short sword "Atiemu" {drain, rPois rC-
                  | Int+2}
 59564 | D:13     | Noticed Sonja
 59568 | D:13     | Killed Sonja
 59739 | D:13     | Found a runed translucent door.
 59745 | D:13     | Noticed Leinaam's ghost (journeyman MiBe)
 59745 | D:13     | Identified the +4 spear of a bailey {protect, rN+}
 59754 | D:13     | Found a frozen archway.
 59784 | IceCv    | Entered an ice cave
 60243 | IceCv    | Found an ancient bone altar of Kikubaaqudgha.
 60255 | IceCv    | Reached skill level 10 in Conjurations
 60729 | D:13     | Learned a level 5 spell: Borgnjor's Vile Clutch
 60841 | D:13     | Found a portal to a secret trove of treasure.
 60853 | D:13     | Reached skill level 1 in Necromancy
 62444 | D:13     | Identified the ring of Qeteufav {Int+2 Dex+6 Slay+3}
 62733 | D:14     | Reached skill level 5 in Necromancy
 62840 | D:14     | Reached XP level 19. HP: 143/143 MP: 29/39
 63302 | D:14     | Found a gate to the Vaults.
 63701 | D:15     | Entered Level 15 of the Dungeon
 63701 | D:15     | Found a shimmering altar of Xom.
 64122 | D:15     | Found a staircase to the Depths.
 64557 | D:15     | Found a shimmering altar of Xom.
 64562 | D:15     | Found a shimmering altar of Xom.
 64564 | D:15     | Found a shimmering altar of Xom.
 64564 | D:15     | Found a shimmering altar of Xom.
 64616 | D:15     | Found Cider's Assorted Antiques.
 64622 | D:15     | Bought a scroll of teleportation for 90 gold pieces
 65391 | Elf:1    | Entered Level 1 of the Elven Halls
 65757 | Elf:1    | Found Mecohoic's Antique Weapon Emporium.
 66069 | Elf:1    | Reached skill level 10 in Ice Magic
 66955 | Elf:2    | Got the Meditations on Wicked Mysteries and the Entourage
 67944 | Elf:2    | Found a huge runed translucent gate.
 67944 | Elf:2    | Found a huge runed translucent gate.
 67944 | Elf:2    | Found a huge runed translucent gate.
 67944 | Elf:2    | Found a huge runed translucent gate.
 67944 | Elf:2    | Found a huge runed translucent gate.
 68589 | Elf:3    | Entered Level 3 of the Elven Halls
 68597 | Elf:3    | Noticed Zenata
 68606 | Elf:3    | Killed Zenata
 69426 | Elf:3    | Noticed Aizul
 69434 | Elf:3    | Killed Aizul
 69435 | Elf:3    | Reached XP level 20. HP: 134/151 MP: 30/41
 69595 | Elf:3    | Found a large runed translucent door.
 69596 | Elf:3    | Found a large runed translucent door.
 69599 | Elf:3    | Noticed CInkIbrahim's ghost (adept FoAK)
 69698 | Elf:3    | Paralysed by an air elemental for 1 turns
 69700 | Elf:3    | Paralysed by an air elemental for 1 turns
 70034 | Elf:3    | Identified the +10 flail "Soluv" {freeze, rElec Will++
                  | Str+4 Int-4}
 70813 | Elf:3    | Reached skill level 10 in Shields
 70921 | Elf:3    | Reached skill level 10 in Necromancy
 71529 | Elf:3    | Identified the +12 broad axe of Vuudgh {spect, Contam rElec
                  | rPois Int+5}
 71529 | Elf:3    | Identified the +3 ring mail of the Crypt {Slay+2 SInv}
 72292 | Elf:3    | Identified the +3 spear of Nazxisty {freeze, *Rage rElec
                  | rN++ Dex+2 Stlth+}
 72663 | Elf:3    | Found the +6 arbalest "Damnation" {damnation}
 72675 | Elf:3    | Identified the +4 ring mail of Loss {*Corrode rPois rF+
                  | Str-2 Dex+5}
 72743 | Elf:3    | Identified the amulet of Waisaosh {Spirit Harm rN+++ MP-9
                  | Str+3}
 72823 | Elf:3    | Learned a level 7 spell: Ozocubu's Refrigeration
 73276 | Vaults:1 | Entered Level 1 of the Vaults
 75408 | Vaults:1 | Reached XP level 21. HP: 130/157 MP: 31/42
 76065 | Vaults:2 | Found a runed translucent door.
 76070 | Vaults:2 | Noticed Hargh's ghost (adept MiBe)
 76089 | Vaults:2 | Found a gateway to a bazaar.
 76098 | Bazaar   | Entered a bazaar
 76098 | Bazaar   | Found Cunt's Weapon Boutique.
 76098 | Bazaar   | Found Ophiesoe's Jewellery Boutique.
 76098 | Bazaar   | Found Zoiko's Jewellery Shop.
 76098 | Bazaar   | Found Joonif's Antique Weapon Shop.
 76125 | Bazaar   | Bought the amulet of Paskootsic {Reflect Int+2 SH+5} for
                  | 453 gold pieces
 76141 | Bazaar   | Bought a +0 demon trident for 225 gold pieces
 76145 | Bazaar   | Bought the ring "Mulem" {rPois rC+ Will+ Dex+4} for 502
                  | gold pieces
 76827 | Vaults:2 | Found a staircase to the Crypt.
 76890 | Vaults:2 | Noticed Boris
 76905 | Vaults:2 | Killed Boris
 79506 | Vaults:2 | Found a staircase to the Crypt.
 79647 | Vaults:2 | Found a runed translucent door.
 80866 | Vaults:3 | Noticed Frederick
 80870 | Vaults:3 | Killed Frederick
 80931 | Vaults:3 | You are sucked into a shaft and drop 1 floor!
 80964 | Vaults:4 | Reached skill level 15 in Ice Magic
 81010 | Vaults:4 | Found a magical portal.
 81015 | WizLab   | Entered The Chambers of the Cloud Mage
 81343 | WizLab   | Paralysed by an air elemental for 1 turns
 82176 | WizLab   | Identified the amulet of Ibeah {Spirit rElec rN+ Str+4}
 82237 | WizLab   | Paralysed by an air elemental for 1 turns
 82547 | WizLab   | Identified the ring of Surprise {Fly Dex+5 SInv}
 82709 | WizLab   | Got Goipla's Textbook on Vapour
 84590 | Vaults:3 | Reached XP level 22. HP: 165/165 MP: 30/44
 84768 | Vaults:3 | Identified the +3 trident of Action {holy, rN+ SInv}
 85111 | Vaults:3 | Identified the +6 falchion of the Leaping Fox {pain, *Noise
                  | rElec Will- Dex+8}
 85203 | Vaults:4 | Noticed Donald
 85206 | Vaults:4 | Noticed Boris
 85208 | Vaults:4 | Killed Donald
 85302 | Vaults:4 | Killed Boris
 85611 | Vaults:4 | Reached skill level 5 in Armour
 86160 | Vaults:4 | Noticed Bai Suzhen
 86178 | Vaults:4 | Killed Bai Suzhen
 88257 | Depths:1 | Entered Level 1 of the Depths
 88260 | Depths:1 | Found Wet Larou's Weapon Shop.
 88515 | Depths:1 | Found a gateway to Hell.
 88583 | Depths:1 | Found a corrupted altar of Lugonu.
 88598 | Depths:1 | Found a one-way gate to the infinite horrors of the Abyss.
 89176 | Depths:1 | Noticed Sojobo
 89181 | Depths:1 | Killed Sojobo
 89480 | Depths:1 | Found an iron altar of Okawaru.
 89622 | Depths:1 | Noticed Mara
 89628 | Depths:1 | Killed Mara
 90179 | Depths:2 | Reached XP level 23. HP: 174/174 MP: 22/46
 90428 | Depths:2 | Noticed a juggernaut
 90454 | Depths:2 | Killed a juggernaut
 91276 | Depths:2 | Found a sacrificial altar of Ru.
 91382 | Depths:2 | You are sucked into a shaft and drop 1 floor!
 91465 | Depths:3 | Noticed a golden dragon
 92101 | Depths:2 | Noticed a juggernaut
 92166 | Depths:2 | Killed a juggernaut
 92699 | Depths:1 | Learned a level 4 spell: Animate Dead
 92940 | Depths:2 | Found a one-way gateway to a ziggurat.
 92947 | Depths:2 | Found a one-way gate leading to the halls of Pandemonium.
 94072 | Depths:3 | Identified the +8 pearl dragon scales of the Robin {rC- rN+
                  | Will+ Regen+ Dex+4}
 94199 | Depths:3 | Noticed a caustic shrike
 94204 | Depths:3 | Killed a caustic shrike
 94373 | Depths:3 | Noticed a golden dragon
 94381 | Depths:2 | Killed a golden dragon
 94672 | Depths:3 | Identified the ring "Umuth" {rC- Str+4 Int+9 SInv Stlth-}
 94709 | Depths:3 | Reached skill level 5 in Earth Magic
 94845 | Depths:3 | Found a gateway to a bazaar.
 95253 | Depths:3 | Noticed a juggernaut
 95265 | Depths:3 | Killed a juggernaut
 95639 | Depths:3 | Reached XP level 24. HP: 151/181 MP: 33/47
 95974 | Depths:4 | Entered Level 4 of the Depths
 96694 | Depths:4 | Gained mutation: You sometimes lose your temper in combat.
                  | [mutagenic glow]
 96740 | Depths:4 | Found a gate to the Realm of Zot.
 96928 | Depths:4 | Found an ornate altar of the Wu Jian Council.
 97413 | Depths:3 | Lost mutation: You are clumsy. (Dex -2) [potion of
                  | mutation]
 97413 | Depths:3 | Lost mutation: Your flesh is cold resistant. (rC+) [potion
                  | of mutation]
 97413 | Depths:3 | Gained mutation: Your muscles are strong. (Str +4, Int/Dex
                  | -1) [potion of mutation]
 97413 | Depths:3 | Gained mutation: Your magical capacity is low. (-10% MP)
                  | [potion of mutation]
 97413 | Depths:3 | Gained mutation: You occasionally lose the ability to read
                  | scrolls when taking damage. [potion of mutation]
 97413 | Depths:3 | Gained mutation: You expend magic power (3 MP) to
                  | strengthen your wands. [potion of mutation]
 97414 | Depths:3 | Lost mutation: You occasionally lose the ability to read
                  | scrolls when taking damage. [potion of mutation]
 97414 | Depths:3 | Lost mutation: Your magical capacity is low. (-10% MP)
                  | [potion of mutation]
 97414 | Depths:3 | Gained mutation: You passively map a small area around you.
                  | [potion of mutation]
 97414 | Depths:3 | Gained mutation: You are dopey. (Int -2) [potion of
                  | mutation]
 97414 | Depths:3 | Gained mutation: Potions are less effective at restoring
                  | your health. [potion of mutation]
 97415 | Depths:3 | Lost mutation: Potions are less effective at restoring your
                  | health. [potion of mutation]
 97415 | Depths:3 | Lost mutation: You sometimes lose your temper in combat.
                  | [potion of mutation]
 97415 | Depths:3 | Gained mutation: Your flesh is heat resistant. (rF+)
                  | [potion of mutation]
 97415 | Depths:3 | Gained mutation: You have a pair of small horns on your
                  | head. [potion of mutation]
 97731 | Depths:4 | Noticed a caustic shrike
 97738 | Depths:4 | Killed a caustic shrike
 97783 | Depths:4 | Noticed a caustic shrike
 97789 | Depths:4 | Killed a caustic shrike
 97789 | Depths:4 | Noticed a caustic shrike
 97794 | Depths:4 | Killed a caustic shrike
 97794 | Depths:4 | Noticed a caustic shrike
 97798 | Depths:4 | Killed a caustic shrike
 98790 | Depths:4 | Identified the +7 mace "Orb Guardian's Doom" {distort,
                  | rElec}
 99136 | Vaults:5 | Entered Level 5 of the Vaults
 99910 | Vaults:5 | Identified the ring of Pacroyry {rF+ Slay+3}
 99922 | Vaults:5 | Noticed an ancient lich
 99934 | Vaults:5 | Killed an ancient lich
101450 | Vaults:5 | Identified the +5 war axe of the Unkillable {pain, Str+2
                  | Stlth+}
101453 | Vaults:5 | Identified the +4 glaive "Wicet" {freeze, Int+2}
101465 | Vaults:5 | Reached XP level 25. HP: 176/197 MP: 32/48
101611 | Vaults:5 | Got a silver rune of Zot
102351 | Vaults:5 | Noticed an ancient lich
102357 | Vaults:5 | Killed an ancient lich
102626 | Vaults:5 | Identified the +1 robe of the Other World {rElec rF+}
102651 | Vaults:5 | Reached skill level 5 in Air Magic
104170 | Vaults:5 | Found Luapn's General Store.
104179 | Vaults:5 | Bought 2 scrolls of acquirement for 1976 gold pieces
104484 | Zot:1    | Entered Level 1 of the Realm of Zot
104581 | Zot:1    | Found a transporter.
104726 | Zot:1    | Found a transporter.
104766 | Zot:1    | Noticed an orb of fire
104786 | Zot:1    | Gained mutation: Potions are less effective at restoring
                  | your health. [an orb of fire]
104790 | Zot:1    | Gained mutation: You are very dopey. (Int -4) [an orb of
                  | fire]
104792 | Zot:1    | Gained mutation: Potions cannot restore your health. [an
                  | orb of fire]
104930 | Depths:4 | Acquired the amulet of Ciukh {rPois Will++ Regen+ Str-5
                  | SInv}
104947 | Depths:4 | Acquired 886 gold pieces
105062 | Zot:1    | Gained mutation: You are frail. (-10% HP) [an orb of fire]
105063 | Zot:1    | Killed an orb of fire
106575 | Zot:2    | Noticed a Killer Klown
106581 | Zot:2    | Killed a Killer Klown
108511 | Zot:2    | Learned a level 4 spell: Hailstorm
109251 | Zot:3    | Reached XP level 26. HP: 182/182 MP: 12/48
109650 | Zot:3    | Found a runed translucent gate.
109650 | Zot:3    | Found a runed translucent gate.
109651 | Zot:3    | Found a runed translucent gate.
109652 | Zot:3    | Found an ancient bone altar of Kikubaaqudgha.
109653 | Zot:3    | Noticed a dread lich
109653 | Zot:3    | Noticed Sofait's ghost (legendary GnFE)
109653 | Zot:3    | Noticed Alunk's ghost (legendary GnFi)
109655 | Zot:3    | Noticed an ancient lich
109853 | Zot:3    | Noticed an ancient lich
110889 | Zot:4    | Found the +4 dragonskin cloak
110889 | Zot:4    | Noticed Tiamat
111179 | Zot:4    | Killed Tiamat
111884 | Zot:4    | Noticed Vv
111894 | Zot:4    | Killed Vv
112899 | Zot:5    | Entered Level 5 of the Realm of Zot
115937 | Zot:5    | Noticed a dread lich
116135 | Zot:5    | Noticed an ancient lich
116148 | Zot:5    | Killed an ancient lich
118105 | Zot:5    | Noticed a Killer Klown
118107 | Zot:5    | Noticed an ancient lich
118140 | Zot:5    | Killed an ancient lich
118140 | Zot:5    | Killed a Killer Klown
119250 | Zot:5    | Noticed an ancient lich
119259 | Zot:5    | Killed an ancient lich
119449 | Zot:5    | Reached skill level 15 in Dodging
119607 | Zot:5    | Noticed an ancient lich
119608 | Zot:5    | Noticed a dread lich
119681 | Zot:4    | Lost mutation: You are frail. (-10% HP) [potion of
                  | mutation]
119681 | Zot:4    | Lost mutation: You passively map a small area around you.
                  | [potion of mutation]
119681 | Zot:4    | Gained mutation: Your muscles are very strong. (Str +8,
                  | Int/Dex -2) [potion of mutation]
119681 | Zot:4    | Lost mutation: Your muscles are very strong. (Str +8,
                  | Int/Dex -2) [potion of mutation]
119681 | Zot:4    | Lost mutation: You have a pair of small horns on your head.
                  | [potion of mutation]
120577 | Zot:5    | Noticed a Killer Klown
120584 | Zot:5    | Killed a Killer Klown
120587 | Zot:5    | Killed a dread lich
121029 | Zot:5    | Noticed an ancient lich
121037 | Zot:5    | Killed an ancient lich
121309 | Zot:5    | Reached XP level 27. HP: 211/211 MP: 42/50
121979 | Zot:5    | Killed an ancient lich
122063 | Zot:5    | Noticed an ancient lich
122072 | Zot:5    | Killed an ancient lich
122073 | Zot:5    | Reached skill level 15 in Conjurations
122081 | Zot:5    | Noticed a dread lich
122084 | Zot:5    | Killed a dread lich
122398 | Zot:5    | Killed a dread lich
122669 | Zot:5    | Noticed an orb of fire
122671 | Zot:5    | Gained mutation: You are frail. (-10% HP) [an orb of fire]
122680 | Zot:5    | Killed an orb of fire
122713 | Zot:5    | Noticed an orb of fire
122730 | Zot:5    | Gained mutation: Armour fits poorly on your strangely
                  | shaped body. [an orb of fire]
122732 | Zot:5    | Killed an orb of fire
122909 | Zot:5    | Lost mutation: You are frail. (-10% HP) [potion of
                  | mutation]
122909 | Zot:5    | Lost mutation: Your flesh is heat resistant. (rF+) [potion
                  | of mutation]
122909 | Zot:5    | Gained mutation: You possess an exceptional clarity of
                  | mind. [potion of mutation]
122910 | Zot:5    | Lost mutation: You possess an exceptional clarity of mind.
                  | [potion of mutation]
122910 | Zot:5    | Lost mutation: Your muscles are strong. (Str +4, Int/Dex
                  | -1) [potion of mutation]
122910 | Zot:5    | Gained mutation: Your system is resistant to poisons.
                  | (rPois) [potion of mutation]
122910 | Zot:5    | Gained mutation: You have an increased reservoir of magic.
                  | (+10% MP) [potion of mutation]
122912 | Zot:5    | Lost mutation: You are very dopey. (Int -4) [potion of
                  | mutation]
122912 | Zot:5    | Lost mutation: You expend magic power (3 MP) to strengthen
                  | your wands. [potion of mutation]
122912 | Zot:5    | Lost mutation: Your system is resistant to poisons. (rPois)
                  | [potion of mutation]
122912 | Zot:5    | Gained mutation: You are weak. (Str -2) [potion of
                  | mutation]
122912 | Zot:5    | Lost mutation: You have an increased reservoir of magic.
                  | (+10% MP) [potion of mutation]
122912 | Zot:5    | Gained mutation: You are very weak. (Str -4) [potion of
                  | mutation]
122913 | Zot:5    | Lost mutation: Potions cannot restore your health. [potion
                  | of mutation]
122913 | Zot:5    | Lost mutation: You are very weak. (Str -4) [potion of
                  | mutation]
122913 | Zot:5    | Gained mutation: Your movements are slightly less
                  | encumbered by armour. (ER -2) [potion of mutation]
122913 | Zot:5    | Gained mutation: You are clumsy. (Dex -2) [potion of
                  | mutation]
122913 | Zot:5    | Gained mutation: You occasionally lose the ability to read
                  | scrolls when taking damage. [potion of mutation]
122913 | Zot:5    | Gained mutation: You are partially covered in iridescent
                  | scales. (AC +2) [potion of mutation]
122914 | Zot:5    | Lost mutation: Your movements are slightly less encumbered
                  | by armour. (ER -2) [potion of mutation]
122914 | Zot:5    | Lost mutation: Armour fits poorly on your strangely shaped
                  | body. [potion of mutation]
122914 | Zot:5    | Lost mutation: You occasionally lose the ability to read
                  | scrolls when taking damage. [potion of mutation]
122914 | Zot:5    | Gained mutation: You have an increased reservoir of magic.
                  | (+10% MP) [potion of mutation]
122914 | Zot:5    | Gained mutation: You are mostly covered in iridescent
                  | scales. (AC +4) [potion of mutation]
123413 | Zot:5    | Noticed an ancient lich
123424 | Zot:5    | Killed an ancient lich
125582 | D:15     | Bought a scroll of enchant armour for 225 gold pieces
125582 | D:15     | Bought a scroll of blinking for 225 gold pieces
125918 | Zot:5    | Got the Orb of Zot
125960 | Zot:5    | Noticed Tipat the pandemonium lord
125980 | Zot:5    | Noticed Geofaplu the pandemonium lord
126114 | Zot:1    | Noticed Isiebecs the pandemonium lord
126516 | D:$      | Escaped with the Orb!

Illustrated notes

Levels and vault maps discovered:
D:1:      wheals_arrival_linesprint, layout_rooms,
          hellmonk_ecumenical_altar_blasted
D:2:      layout_basic
D:3:      layout_loops_ring, gup_sewer_entry_spiral, minmay_misc_feat_room,
          uniq_grinder
D:4:      minmay_evil_eye, layout_loops_corners,
          mainiacjoe_overflow_concentric_impassable
D:5:      minmay_polygon_palace, layout_loops_ring,
          fedhas_bush_and_centaur_altar, nemelex_dance_club_becter,
          serial_co_window_serial, co_window_of_opportunity_a,
          co_window_paths_a, co_window_paths_a, co_window_paths_a,
          co_window_corner_a, co_window_broadway_b, co_window_cross_3,
          co_window_2corner, co_window_broadway_b, co_window_of_opportunity_b,
          co_window_4corner_b, glass_columns_a, glass_columns_a,
          glass_columns_b, glass_columns_c, glass_columns_b, moated_statue,
          uniq_sigmund
D:6:      layout_loops_ring, makhleb_heckhound_becter,
          minmay_temple_entry_trees, uniq_edmund
D:7:      layout_basic
D:8:      layout_gridville, grunt_lair_entry_orc_guard_hut,
          hangedman_decor_peaks_small
D:9:      kennysheep_ambush_hall, layout_loops_corners, kennysheep_mini_moat,
          grunt_dithmenos_smoke_and_mirrors, uniq_maggie
D:10:     layout_loops_ring, gammafunk_temple_overflow_elements, erik_orc_4,
          serial_shops, kennysheep_little_box
D:11:     layout_cave_pods
D:12:     hourglass_vault, layout_long_grid, minivault_4,
          kb_lookout_dungeons_type, minmay_lindwurm_lava, uniq_snorg, uniq_lodul
D:13:     minmay_the_grid_triangle_9x9_rhombus_thin
          [minmay_the_grid_triangle_9x9_warning,
          minmay_the_grid_triangle_9x9_prize_schism,
          minmay_the_grid_triangle_9x9_minimal,
          minmay_the_grid_triangle_9x9_dagger], layout_basic,
          portal_ice_cave_entry_animals_and_master, ebering_ghost_funeral_grove,
          enter_trove_0, hangedman_abyss_or_decor_stagger, uniq_sonja
D:14:     layout_rooms, lightli_vaults_fourway_checkpoint, minmay_misc_feat_tiny
D:15:     hangedman_depths_entry_try_elsewhere_first, layout_loops_cross,
          xom_redecorated, serial_shops, shop
Temple:   dpeg_chambers_temple
Lair:1:   layout_cave_pods, gammafunk_ghost_necromancy, minivault_26
Lair:2:   layout_regular_city, spider_nest_entry_webs, beast_lair_carwin_5,
          grunt_megastairs_4, uniq_gastronok
Lair:3:   dpeg_oklob_gauntlet, layout_small_grid, minmay_swamp_entry_swarm,
          ebering_ghost_rock_garden, grunt_megastairs_2, lemuel_fruit_tree,
          infiniplex_staircase_pool
Lair:4:   layout_cave_pods, patterned_corridor
Lair:5:   evilmike_catoblepas_cave, layout_loops_ring, slime_entry_1,
          serial_bayou_crossing
Swamp:1:  gammafunk_worm_tunnel, layout_falls_marsh, hangedman_swamp_ruin_wall
Swamp:2:  layout_basic_swamp, evilmike_swamp_ruin_house_6, water_boxes_lemuel
Swamp:3:  layout_basic_swamp, evilmike_swamp_ruin_house_4
Swamp:4:  swamp_old_school, layout_basic_swamp
Spider:1: cheibrodos_spider_silkery, guppyfry_spider_mini_3, uniq_roxanne,
          uniq_nikola
Spider:2: layout_spider_delve
Spider:3: layout_chambers, nicolae_spider_twisty_arc_passages
Spider:4: grunt_spider_rune_circles, drop_trap,
          nicolae_spider_nooks_and_crannies, uniq_asterion
Orc:1:    lemuel_ogre_cave, layout_caves, serial_shops, nicolae_lakefront_shop,
          uniq_erica, uniq_josephine
Orc:2:    grunt_orc_cross, layout_caves, basic_altar, nicolae_orc_pool_cavern,
          nicolae_orc_lava_room, uniq_erolcha
Elf:1:    layout_onion_city, serial_shops, nicolae_shop_trees, drop_trap
Elf:2:    elven_hall_of_blades_hangedman_alternative
          [nicolae_blade_entry_sentries_behind_glass], layout_loops_corners,
          nicolae_elf_deep_friendship
Elf:3:    minmay_elf_hall_dome, layout_loops_corners,
          ebering_ghost_disaster_area, uniq_aizul, uniq_zenata, uniq_saint_roka
Vaults:1: v_alt_pattern_1, hangedman_vaults_capsules, vaults_room_semicircle,
          st_lattice, hangedman_vaults_stagger,
          nicolae_vaults_windows_and_doors_thing, v_misc_25,
          nicolae_vaults_yaktaur_gun_rack, ontoclasm_vaults_twist,
          layout_vaults_omnicross
Vaults:2: ebering_ghost_inner_flame, blue_anna_dwarven_crypt, v_alt_pattern_4,
          v_misc_11, nicolae_vaults_gold_heap, nicolae_vaults_alarming,
          grunt_vaults_hallway_short, dpeg_vaults_monster_box,
          layout_vaults_chaotic_city, serial_shops, bzr_entry_gold, uniq_boris
Vaults:3: v_misc_5, v_misc_26, v_alt_pattern_2,
          nicolae_vaults_network_quinsquares
          [nicolae_vaults_network_quincunx_subvault,
          nicolae_vaults_network_quincunx_subvault,
          nicolae_vaults_network_quincunx_subvault,
          nicolae_vaults_network_quincunx_subvault], ontoclasm_vaults_chip,
          v_alt_pattern_1, v_misc_26, nicolae_vaults_little_squares_6,
          v_misc_25, ontoclasm_vaults_loading_screen, nicolae_vaults_rhombus_7,
          vaults_room_stairs_pillars, layout_vaults_maze, uniq_frederick
Vaults:4: mu_enter_wizlab_1, nicolae_vaults_back_hallway, hangedman_vaults_trim,
          v_misc_12, hangedman_vaults_pinch, ontoclasm_vaults_ring_large,
          v_rooms_3, nicolae_vaults_network_barrier,
          ontoclasm_vaults_ring_small, v_alt_pattern_2, nicolae_vaults_meeting,
          vaults_dpeg_hooks, hangedman_vaults_stretched_pinwheel,
          layout_vaults_omnibox, uniq_bai_suzhen, uniq_donald
Vaults:5
Depths:1: layout_gridville, grunt_hell_entry_dis_grunt, abyss_entry_flame_altar,
          serial_shops, nicolae_shop_bloodbath_and_beyond, kennysheep_donut,
          okawaru_altar_gauntlet_db, serial_bayou_shore_a, uniq_mara,
          uniq_sojobo
Depths:2: nzn_winding_woodlands_stair_trap
          [nzn_winding_woodlands_5x15_longhouse,
          nzn_winding_woodlands_5x15_default,
          nzn_winding_woodlands_5x15_pathside_ponds,
          nzn_winding_woodlands_15x15_killbox, nzn_winding_woodlands_5x15_cabin,
          nzn_winding_woodlands_5x15_parted, nzn_winding_woodlands_5x15_jagged],
          layout_basic, enter_ziggurat_e, chequers_serial_rivers_small_3,
          hell_entry, pan_entry, statue_in_the_mist_lemuel,
          nicolae_ru_great_annihilating_truth
Depths:3: minmay_swirls_squares, layout_twisted_cross,
          grunt_pan_entry_in_and_out, serial_shops, bzr_in_the_mist,
          abyss_entry_small_statue_room, hell_entry, nrook_mini_backslash
Depths:4: grunt_twist_and_shout, layout_gridlike, hell_entry,
          rand_demon_pan_entry_4, pdpol_wu_jian_five_deadly_venoms, abyss_entry,
          minmay_misc_feat_alley, minivault_16, minmay_metal_thing
Zot:1:    gammafunk_dig_for_victory, layout_onion
Zot:2:    layout_concentric_octagons
Zot:3:    layout_cathedral_of_symmetry, gammafunk_ghost_crypt, uniq_josephina
Zot:4:    layout_basic, uniq_vv, uniq_tiamat
Zot:5:    layout_misc_corridors, st_stairs_3

Skill      XL: |  1  2  3  4  5  6  7  8  9 10 11 12 13 14 15 16 17 18 19 20 21 22 23 24 25 26 27 |
---------------+----------------------------------------------------------------------------------+-----
Ice Magic      | 5 6 7 8 11 14 16 17 | 17.5
Spellcasting   | 3 4 5 7 8 10 12 13 15 16 17 18 19 20 21 23 | 23.5
Fighting       | 7 8 9 10 12 13 15 16 17 18 19 22 23 | 23.7
Polearms       | 8 10 12 | 12.0
Dodging        | 8 10 12 13 14 15 16 | 16.0
Conjurations   | 1 3 4 5 8 9 10 11 13 15 | 15.0
Earth Magic    | 1 3 4 5 6 9 |  9.0
Invocations    | 3 4 5 6 8 10 11 12 | 12.0
Poison Magic   | 4 5 6 |  6.0
Armour         | 1 2 4 5 6 |  6.0
Transmutations | 2 3 4 5 6 7 8 9 |  9.0
Shields        | 1 4 5 8 9 10 11 | 11.5
Summonings     | 4 5 6 7 |  7.0
Translocations | 4 |  4.0
Air Magic      | 3 4 6 |  6.5
Necromancy     | 5 9 10 11 | 11.0
Stealth        | |  2.1

Action                   |  1- 3 |  4- 6 |  7- 9 | 10-12 | 13-15 | 16-18 | 19-21 | 22-24 | 25-27 || total
-------------------------+-------+-------+-------+-------+-------+-------+-------+-------+-------++-------
Melee: Spear             |    75 |    74 |   146 |   230 |   281 |    72 |       |       |       ||   878
       Punch             |     2 |     1 |     1 |     2 |       |       |       |       |       ||     6
       Tailslap          |       |     2 |       |       |     5 |     1 |       |       |       ||     8
       Falchion          |       |       |       |    15 |       |       |       |       |       ||    15
       Trishula          |       |       |       |       |       |   370 |   231 |   297 |   201 ||  1099
       Headbutt          |       |       |       |       |       |       |       |    14 |    27 ||    41
       Staff             |       |       |       |       |       |       |       |     1 |       ||     1
Throw: Stone             |       |     3 |       |     4 |     3 |    11 |       |       |       ||    21
       Throwing net      |       |       |       |       |       |       |       |       |     2 ||     2
 Cast: Freeze            |    40 |    37 |    14 |     5 |    36 |    50 |       |     3 |     2 ||   187
       Frozen Ramparts   |       |     9 |    19 |    47 |    39 |    57 |    43 |    40 |    37 ||   291
       Ozocubu's Armour  |       |     7 |    16 |    41 |    40 |    56 |    39 |    34 |    17 ||   250
       Stone Arrow       |       |       |    24 |    70 |    75 |    39 |    30 |    56 |   117 ||   411
       Poisonous Vapours |       |       |       |    45 |   197 |   232 |   229 |   103 |   233 ||  1039
       Olgreb's Toxic Ra |       |       |       |    17 |    91 |    47 |    56 |    12 |    16 ||   239
       Hailstorm         |       |       |       |     2 |     2 |       |       |       |     2 ||     6
       Irradiate         |       |       |       |     1 |    22 |    35 |    15 |    18 |    10 ||   101
       Ignite Poison     |       |       |       |       |    24 |    51 |    95 |    31 |    67 ||   268
       Summon Forest     |       |       |       |       |     4 |    11 |       |       |     1 ||    16
       Mephitic Cloud    |       |       |       |       |    15 |    36 |     5 |     4 |     4 ||    64
       Freezing Cloud    |       |       |       |       |       |    41 |    29 |    42 |    59 ||   171
       Borgnjor's Vile C |       |       |       |       |       |     2 |   107 |   126 |   132 ||   367
       Ozocubu's Refrige |       |       |       |       |       |       |    48 |    85 |    49 ||   182
       Animate Dead      |       |       |       |       |       |       |       |     7 |     4 ||    11
       Blink             |       |       |       |       |       |       |       |       |     1 ||     1
Invok: Recall Ancestor   |       |       |       |     2 |     8 |     4 |     1 |     1 |     7 ||    23
       Ancestor Life: Kn |       |       |       |     1 |       |       |       |       |       ||     1
       Idealise          |       |       |       |       |     2 |     1 |     1 |     2 |     5 ||    11
       Transference      |       |       |       |       |       |     1 |       |       |       ||     1
Evoke: Wand              |       |       |     4 |     1 |     8 |       |       |       |     2 ||    15
       Phantom mirror    |       |       |       |       |       |       |       |     2 |       ||     2
  Use: Potion            |       |     1 |     1 |     1 |     2 |     4 |       |     6 |    15 ||    30
       Scroll            |       |    11 |     8 |     5 |    10 |     5 |    13 |       |    19 ||    71
 Stab: Sleeping          |     4 |     9 |     5 |     1 |       |     2 |     1 |       |       ||    22
       Distracted        |       |       |       |     4 |     6 |     6 |     4 |     5 |     7 ||    32
       Paralysed         |       |       |       |       |       |       |       |     1 |       ||     1
Armor: Robe              |    18 |    35 |    18 |    29 |    67 |   155 |    64 |     8 |       ||   394
       Troll leather arm |       |       |       |       |    12 |       |       |       |       ||    12
       Pearl dragon scal |       |       |       |       |       |       |       |    99 |   119 ||   218
Dodge: Dodged            |    48 |    69 |   100 |   129 |   156 |   246 |   118 |   148 |   134 ||  1148
       Repelled          |       |       |       |     1 |     8 |     3 |    11 |     8 |    22 ||    53
Block: Buckler           |       |       |       |    12 |    44 |    53 |       |    72 |    82 ||   263
       Kite shield       |       |       |       |       |       |   113 |   120 |   122 |       ||   355
       Reflection        |       |       |       |       |       |       |     8 |    13 |     3 ||    24
